 Dungeon Crawl Stone Soup version 0.28-a0-863-g8cecda6153 (webtiles) character file.

Game seed: 17374360991802650460

98 Ijustatesigmund the Skirmisher (level 4, 0/37 HPs)
             Began as a Demonspawn Fighter on Nov 19, 2021.
             Succumbed to a scorpion's poison
             ... on level 4 of the Dungeon.
             The game lasted 00:02:16 (2588 turns).

Ijustatesigmund the Skirmisher (Demonspawn Fighter) Turns: 2588, Time: 00:02:17

Health: 0/37       AC:  6    Str: 17    XL:     4   Next: 43%
Magic:  4/4        EV:  9    Int: 10    God:
Gold:   193        SH:  4    Dex: 12    Spells: 3/3 levels left

rFire   . . .      SeeInvis .   a - +0 war axe
rCold   . . .      Faith    .   c - +0 buckler
rNeg    . . .      Spirit   .   b - +0 scale mail
rPois   .          Reflect  .   (helmet restricted)
rElec   .          Harm     .   (no cloak)
rCorr   .          Rampage  .   (no gloves)
Will    .....                   (no boots)
Stlth   ..........              (no amulet)
HPRegen 0.12/turn               (no ring)
MPRegen 0.09/turn               (no ring)

@: lethally poisoned (0 -> -20), flying
A: antennae 1
a: no special abilities


You were on level 4 of the Dungeon.
You visited 1 branch of the dungeon, and saw 4 of its levels.

You collected 193 gold pieces.

Inventory:

Hand Weapons
 a - a +0 war axe (weapon)
Missiles
 j - 4 silver javelins (quivered)
Armour
 b - a +0 scale mail (worn)
 c - a +0 buckler (worn)
Scrolls
 g - a scroll of blinking {unknown}
 h - a scroll of fear {unknown}
 l - 2 scrolls of amnesia {unknown}
 m - a scroll of identify {unknown}
 n - a scroll of teleportation {unknown}
 p - a scroll of magic mapping {unknown}
Potions
 d - a potion of might
 e - 4 potions of flight
 f - a potion of haste {unknown}
 i - a potion of magic
 k - a potion of attraction {unknown}
 o - a potion of heal wounds {unknown}
 q - a potion of curing {unknown}


   Skills:
 + Level 4.2 Fighting
 - Level 2.2 Axes
 + Level 3.6 Armour
 - Level 2.6 Shields


You had 3 spell levels left.
You didn't know any spells.
Your spell library contained the following spells:

 Spells                   Type           Power      Damage    Failure   Level
 Dazzling Flash           Conj/Hex       0%         N/A       99%         3
 Agony                    Necr           0%         N/A       100%        5
 Silence                  Hex/Air        0%         N/A       100%        5


Dungeon Overview and Level Annotations

Branches:
Dungeon (4/15)
 Temple: D:4-7

Altars:
Cheibriados
Vehumet
Yredelemnul
Zin

Shops:
D:1 (


Innate Abilities, Weirdness & Mutations

You have a pair of small antennae on your head.


Message History

No target in view!
No target in view!
No target in view!
No target in view!
No target in view!
No target in view!
No target in view!
No target in view!
No target in view!
A scorpion comes into view.
You see here a giant cockroach corpse.
Found a leather armour.
You closely miss the scorpion. The scorpion barely misses you.
The scorpion stings you.
You are poisoned.
The scorpion poisons you!
You closely miss the scorpion.
You feel very sick. You block the scorpion's attack.
You slash the scorpion!
The scorpion is heavily wounded.
You feel sick. The scorpion stings you.
You are lethally poisoned!
The scorpion poisons you!
The scorpion stings you but does no damage.
You slash the scorpion!
The scorpion is almost dead.
You feel very sick. The scorpion stings you.
* * * LOW HITPOINT WARNING * * *
You are more poisoned.
The scorpion poisons you! You block the scorpion's attack.
It was a potion of flight.
You feel very buoyant.
You fly up into the air.
* * * LOW HITPOINT WARNING * * *
You feel very sick. You block the scorpion's attack.
It was a potion of magic.
Magic courses through your body.
You die...

#...>....##
#........#########
#................+
#................#
#...............##
#........##.....# ##+#
##.......##....)##.....
#.......##....†.......
#.............$@.......
#..........(...s###+###
.>....##.....# ...
#.....# ## #.[....
#....... .......
........[


You could see a scorpion.

Vanquished Creatures
  A hound (D:3)
  2 worms
  A dart slug (D:2)
  An orc (D:3)
  A ball python (D:1)
  8 endoplasms
  3 giant cockroaches
  3 goblins
  5 hobgoblins
  4 jackals (D:1)
  5 kobolds
  2 quokkas (D:1)
  4 bats (D:3)
  4 frilled lizards
  7 rats
51 creatures vanquished.

Notes
Turn   | Place    | Note
-------+----------+-------------------------------------------
     0 | D:1      | Ijustatesigmund the Demonspawn Fighter began the quest for
                  | the Orb.
     0 | D:1      | Reached XP level 1. HP: 18/18 MP: 1/1
    93 | D:1      | Gained mutation: You have a pair of small antennae on your
                  | head. [demonic ancestry]
    93 | D:1      | Reached XP level 2. HP: 18/24 MP: 2/2
   206 | D:1      | Found Robys's Antique Weapon Boutique.
  1288 | D:2      | Found a faded altar of an unknown god.
  1308 | D:2      | Reached XP level 3. HP: 28/29 MP: 3/3
  1941 | D:3      | Found a basalt altar of Yredelemnul.
  2105 | D:3      | Reached skill level 4 in Fighting
  2176 | D:3      | Reached XP level 4. HP: 29/37 MP: 4/4
  2236 | D:3      | Found a snail-covered altar of Cheibriados.
  2299 | D:3      | Found a radiant altar of Vehumet.
  2580 | D:4      | Noticed a scorpion
  2588 | D:4      | Succumbed to a scorpion's poison

Illustrated notes

Levels and vault maps discovered:
D:1:      evilmike_arrival_rings, layout_basic, serial_shops,
          nicolae_shop_competitors_out_of_business, minmay_hexomino_u4
D:2:      layout_basic, ebering_ecumenical_altar_mist
D:3:      layout_basic, vehumet_crystals, marbit_many_paths,
          nicolae_overflow_hidden_temple
D:4:      kennysheep_the_goblin_king, layout_gridville, uniq_duvessa,
          uniq_natasha, uniq_menkaure, uniq_robin, uniq_crazy_yiuf_cottage

Skill      XL: |  1  2  3 |
---------------+----------+-----
Axes           | 2 |  2.2
Armour         | 3 |  3.6
Fighting       | 4 |  4.2
Shields        | |  2.6

Action                   |  1- 3 |  4- 6 || total
-------------------------+-------+-------++-------
Melee: War axe           |   128 |    23 ||   151
  Use: Potion            |       |     2 ||     2
Armor: Scale mail        |    57 |    14 ||    71
Dodge: Dodged            |    61 |    11 ||    72
Block: Buckler           |    22 |     5 ||    27

Table legend: (Time is in decaauts)
 A = Elapsed time spent in this place.
 B = Non-inter-level travel time spent in this place.
 C = Inter-level travel time spent in this place.
 D = Time resting spent in this place.
 E = Time spent auto-exploring this place.
 F = Levels seen in this place.
 G = Mean time per level.
                   A        B        C        D        E       F      G
               +--------+--------+--------+--------+--------+-----+--------+
         Total |   2650 |   2573 |     77 |      0 |   2201 |   4 |  662.5 |
       Dungeon |   2650 |   2573 |     77 |      0 |   2201 |   4 |  662.5 |
               +--------+--------+--------+--------+--------+-----+--------+

Top non-repeatable levels by time:
     D:1: 1176 daAuts
     D:3: 805 daAuts
     D:2: 618 daAuts
     D:4: 49 daAuts
